 Dungeon Crawl Stone Soup version 0.23.1 (webtiles) character file.

Game seed: 791542661515539729

206 Borgoz the Sneak (level 5, -8/41 HPs)
             Began as a Ghoul Enchanter on Mar 2, 2019.
             Killed from afar by an orc wizard (12 damage)
             ... with a puff of flame
             ... on level 3 of the Dungeon.
             The game lasted 00:05:04 (2949 turns).

Borgoz the Sneak (Ghoul Enchanter)                  Turns: 2949, Time: 00:05:04

Health: -8/41      AC:  5    Str: 12    XL:     5   Next: 84%
Magic:  7/7        EV: 11    Int: 10    God:
Gold:   39         SH:  0    Dex: 10    Spells: 2/8 levels left

rFire    . . .     SeeInvis .     - Unarmed
rCold    + . .     Gourm    .   (no shield)
rNeg     + + +     Faith    .   i - +0 ring mail
rPois    ∞         Spirit   .   (no helmet)
rElec    .         Reflect  .   (no cloak)
rCorr    .         Harm     .   (no gloves)
MR       .....                  (no boots)
Stlth    ++........             (no amulet)
HPRegen  0.00/turn              (no ring)
MPRegen  0.10/turn              (no ring)

@: rotting
A: rotting body, claws 1, carnivore, cold resistance 1, negative energy
resistance 3, inhibited regeneration, torment resistance, unbreathing
a: no special abilities


You were on level 3 of the Dungeon.
You were not hungry.

You visited 1 branch of the dungeon, and saw 4 of its levels.

You collected 39 gold pieces.

Inventory:

Missiles
 f - 27 poisoned needles
 h - 2 throwing nets (quivered)
Armour
 i - a +0 ring mail (worn)
Scrolls
 a - a scroll of fog {unknown}
 c - a scroll of teleportation
 e - a scroll of remove curse {unknown}
Comestibles
 d - 3 rations


   Skills:
 + Level 1.7 Fighting
   Level 0.8 Short Blades
 + Level 0.5 Throwing
 + Level 1.4 Armour
 + Level 2.5 Dodging
 + Level 3.9 Stealth
 * Level 2.5 Unarmed Combat
 + Level 2.4 Spellcasting
 + Level 2.8 Hexes


You had 2 spell levels left.
You knew the following spells:

 Your Spells              Type           Power        Failure   Level  Hunger
a - Corona                Hex            #......      21%         1    ##.....
b - Ensorcelled Hibernat  Hex/Ice        #.....       50%         2    ###....
c - Confuse               Hex            #.......     52%         3    ####...

Your spell library contained the following spells:

 Spells                   Type           Power        Failure   Level  Hunger
 Tukima's Dance           Hex            #.......     52%         3    ####...
 Dazzling Spray           Conj/Hex       #.....       73%         3    ####...


Dungeon Overview and Level Annotations

Branches:
Dungeon (4/15)
 Temple: D:4-7

Altars:


Innate Abilities, Weirdness & Mutations

Your body is rotting away.
You thrive on raw meat.
You are immune to poison.
You have sharp fingernails.
You are carnivorous and can eat meat at any time.
Your flesh is cold resistant. (rC+)
You are immune to negative energy. (rN+++)
You do not regenerate when monsters are visible.
You are immune to unholy pain and torment.
You can survive without breathing.


Message History

You hear some strange, mumbled words.
You are confused.
You bump into the rock wall.
Something hits you.
You scratch something.
You hear some strange, mumbled words.
A puff of flame appears from out of thin air!
The puff of flame misses you.
You bump into the rock wall.
Something hits you but does no damage.
You bump into the rock wall.
Something hits you.
You hear some strange, mumbled words.
A puff of flame appears from out of thin air!
The puff of flame hits you!
* * * LOW HITPOINT WARNING * * *
You see here a quokka skeleton.
You bump into the rock wall.
You feel less confused.
You hear some strange, mumbled words.
A puff of flame appears from out of thin air!
The puff of flame hits you!
You die...

.......#.#
.......#.#
.........#
......#..#
#####
#..#########
##>#.......#
#)#.#####.#
#÷#.# #...#
#@#.# #.###
#.#.###.#
#.#.....#
#.#...###
#.#.#.#
#.#.#.#
#.#.#.#
#.#.#.#
#.#.#.#


There were no monsters in sight!

Vanquished Creatures
  A scorpion (D:3)
  An orc priest (D:3)
  3 gnolls
  2 adders (D:2)
  2 worms (D:2)
  5 dart slugs
  A leopard gecko (D:2)
  3 orcs (D:3)
  A giant cockroach (D:2)
  4 goblins
  5 hobgoblins
  17 jackals
  7 kobolds
  A quokka (D:3)
  4 bats
  3 frilled lizards
  3 rats (D:2)
63 creatures vanquished.

Notes
Turn   | Place    | Note
-------+----------+-------------------------------------------
     0 | D:1      | Borgoz the Ghoul Enchanter began the quest for the Orb.
     0 | D:1      | Reached XP level 1. HP: 14/14 MP: 2/2
   220 | D:1      | Reached XP level 2. HP: 19/20 MP: 3/3
   366 | D:1      | Reached skill level 1 in Unarmed Combat
   752 | D:1      | Reached XP level 3. HP: 25/27 MP: 4/4
  1316 | D:2      | Reached skill level 1 in Fighting
  1865 | D:2      | Reached XP level 4. HP: 20/35 MP: 6/6
  2163 | D:2      | Reached skill level 1 in Armour
  2610 | D:2      | Reached XP level 5. HP: 34/40 MP: 7/7
  2614 | D:2      | Learned a level 2 spell: Ensorcelled Hibernation
  2618 | D:2      | Learned a level 3 spell: Confuse
  2949 | D:3      | Killed from afar by an orc wizard

Skill      XL: |  1  2  3  4 |
---------------+-------------+-----
Dodging        | 2 |  2.5
Unarmed Combat | 1 2 |  2.5
Spellcasting   | 2 |  2.4
Fighting       | 1 |  1.7
Armour         | 1 |  1.4
Short Blades   | |  0.8
Throwing       | |  0.5
Stealth        | |  3.9
Hexes          | |  2.8

Action                   |  1- 3 |  4- 6 || total
-------------------------+-------+-------++-------
Melee: Dagger            |   177 |       ||   177
       Unarmed           |     9 |   175 ||   184
 Cast: Corona            |     4 |       ||     4
  Use: Scroll            |     1 |       ||     1
       Potion            |     1 |       ||     1
 Stab: Sleeping          |     4 |     2 ||     6
  Eat: Chunk             |    13 |    21 ||    34
Armor: Robe              |    20 |    13 ||    33
       Ring mail         |       |    32 ||    32
Dodge: Dodged            |   127 |   100 ||   227
